 Dungeon Crawl Stone Soup version 0.25-a0-578-gc91f01c39c (webtiles) character file.

Game seed: 710485671170119313, levelgen mode: deterministic

5683 Flugslaktarn the Cleaver (level 10, 0/92 HPs)
             Began as a Deep Dwarf Fighter on Mar 6, 2020.
             Was an Elder of Makhleb.
             Slain by Maurice
             ... wielding a +2 short sword of holy wrath
              (3 damage)
             ... on level 9 of the Dungeon.
             The game lasted 00:04:51 (5225 turns).

Flugslaktarn the Cleaver (Deep Dwarf Fighter)       Turns: 5225, Time: 00:04:52

Health: 0/92       AC:  0    Str: 24    XL:     10   Next: 47%
Magic:  6/6        EV:  5    Int:  8    God:    Makhleb [****..]
Gold:   282        SH: 12    Dex: 12    Spells: 9/9 levels left

rFire    . . .     SeeInvis .   a - +0 war axe (chaos)
rCold    . . .     Gourm    .   c - +1 kite shield
rNeg     . . .     Faith    .   k - +0 plate armour
rPois    +         Spirit   .   J - +2 helmet
rElec    .         Reflect  .   g - +2 cloak
rCorr    .         Harm     .   (no gloves)
MR       ++...                  (no boots)
Stlth    ..........             (no amulet)
HPRegen  0.00/turn              m - ring of protection from magic
MPRegen  0.10/turn              o - ring of poison resistance

@: corroded, non-regenerating
A: damage resistance, heal wounds, sense surroundings 2, no regeneration
a: Heal Wounds, Minor Destruction, Lesser Servant of Makhleb, Major Destruction,
Renounce Religion


You were on level 9 of the Dungeon.
You worshipped Makhleb.
Makhleb was greatly pleased with you.
You were very hungry.

You visited 2 branches of the dungeon, and saw 10 of its levels.
You also visited: Sewer.

You collected 477 gold pieces.
You spent 195 gold pieces at shops.

Inventory:

Hand Weapons
 a - a +0 war axe of chaos (weapon)
Missiles
 b - a throwing net (quivered)
Armour
 c - a +1 kite shield (worn)
 g - a +2 cloak (worn)
   (You found it in a sewer)
 k - a +0 plate armour (worn)
   (You took it off an orc warrior on level 8 of the Dungeon)
 J - a +2 helmet (worn)
   (You bought it in a shop on level 7 of the Dungeon)
Jewellery
 m - a ring of protection from magic (left hand)
   (You found it on level 8 of the Dungeon)
 o - a ring of poison resistance (right hand)
   (You found it on level 4 of the Dungeon)
Wands
 B - a wand of iceblast (2)
   (You found it on level 5 of the Dungeon)
 F - a wand of enslavement (9)
   (You found it on level 5 of the Dungeon)
Scrolls
 t - 2 scrolls of teleportation
 x - 3 scrolls of remove curse
 y - a scroll of enchant armour
 D - a scroll of magic mapping
Potions
 d - 5 potions of might
 f - a potion of brilliance
 h - 2 potions of haste
 i - a potion of degeneration {unknown}
 n - a potion of resistance
 q - 6 potions of curing
 u - 2 potions of lignification
 w - 2 potions of heal wounds
 z - a potion of magic {unknown}
 A - 2 potions of stabbing
 G - a potion of flight
Comestibles
 e - 8 rations


   Skills:
 + Level 6.6 Fighting
 * Level 10.5 Axes
 + Level 8.0 Armour
 + Level 8.0 Shields
 + Level 6.6 Invocations


You had 9 spell levels left.
You didn't know any spells.
Your spell library was empty.

Dungeon Overview and Level Annotations

Branches:
Dungeon (9/15)             Temple (1/1) D:5           Sewer (visited)
   Lair: D:8-11         Orc: D:9-12

Altars:
Ashenzari
Cheibriados
Dithmenos
Hepliaklqana
Makhleb
Nemelex Xobeh
Okawaru
Ru
Sif Muna
Trog
Uskayaw
Wu Jian
Xom
Yredelemnul
The Shining One

Shops:
D:4 :   D:7 *

Annotations:
D:6 1 exclusion
D:9 Maurice


Innate Abilities, Weirdness & Mutations

You are resistant to damage.
You can heal yourself by infusing magical energy.
You passively map the area around you.
You do not regenerate.


Message History

You feel much better.
Evoke which item? (* to show all) (? for menu, Esc to quit)
Aiming: Iceblast
Press: ? - help, Shift-Dir - straight line, f - jelly
Aim: a jelly The mass of ice explodes!
The iceblast engulfs something!
The iceblast engulfs you! Something hits you!
* * * LOW HITPOINT WARNING * * *
Something steals your amethyst potion!
Evoke which item? (* to show all) (? for menu, Esc to quit)
Aiming: Iceblast
Press: ? - help, Shift-Dir - straight line, f/p - jelly
Aim: a jelly The mass of ice explodes!
The iceblast engulfs something!
The iceblast engulfs you!!
* * * LOW HITPOINT WARNING * * *
The iceblast engulfs the jelly!
The jelly is heavily wounded.
Something hits you.
You die...

*, , #.# * , #.# **
#.# #.# * * #.#
#... , * * #.#
#..####. #S#
##......, *, #.#
.....##. ##.#####
#.......
#.@{J..#####.......
, *
##.#..........?.# *
###...#####..###
##### #..# #..#####
* ####### #.......
##.#...## ##.#####
##.......## #.# *
##.........#
#.#####


You could see a jelly and an adder.

Vanquished Creatures
  A two-headed ogre (D:7)
  A hippogriff (D:8)
  A wyvern (D:8)
  3 hungry ghosts
  A water moccasin (D:9)
  4 orc warriors
  5 sky beasts
  A black bear (shapeshifter) (D:8)
  A black bear (D:7)
  A necrophage (D:7)
  A phantom (D:5)
  2 ogres
  2 centaurs
  A crocodile (Sewer)
  2 big kobolds (D:7)
  4 bullfrogs
  3 gnoll sergeants (D:8)
  A wyvern skeleton (D:9)
  7 scorpions
  A howler monkey (D:5)
  8 wights
  3 crimson imps
  A bullfrog zombie (D:5)
  A centaur zombie (D:6)
  9 orc wizards
  2 bullfrog skeletons
  3 orc priests (D:5)
  2 hounds
  A centaur skeleton (D:8)
  An iguana (D:7)
  3 worker ants
  A hound zombie (D:7)
  A hound skeleton (D:8)
  A mummy (D:6)
  3 howler monkey zombies
  2 worker ant zombies
  7 gnolls (D:8)
  21 adders
  6 river rats (D:6)
  3 shadow imps
  An ooze (D:5)
  An adder zombie (D:5)
  2 worms
  A dart slug (D:6)
  A leopard gecko (D:2)
  15 orcs
  3 giant cockroaches
  3 goblins
  3 hobgoblins (D:2)
  10 jackals
  6 quokkas
  6 ball pythons (D:4)
  2 bats
  3 frilled lizards (D:2)
  20 kobolds
  2 kobold zombies (D:6)
  2 leopard gecko skeletons
  2 orc zombies (D:6)
  A quokka skeleton (D:5)
  12 rats
218 creatures vanquished.

Notes
Turn   | Place    | Note
-------+----------+-------------------------------------------
     0 | D:1      | Flugslaktarn the Deep Dwarf Fighter began the quest for the
                  | Orb.
     0 | D:1      | Reached XP level 1. HP: 20/20 MP: 1/1
    38 | D:2      | Reached XP level 2. HP: 27/27 MP: 2/2
    41 | D:2      | Noticed a crimson imp
   113 | D:2      | Killed a crimson imp
   113 | D:2      | Reached skill level 3 in Axes
   113 | D:2      | Reached XP level 3. HP: 25/34 MP: 3/3
   170 | D:2      | Reached XP level 4. HP: 37/42 MP: 4/4
   171 | D:2      | Found a shattered altar of Ashenzari.
   357 | D:4      | Reached skill level 4 in Axes
   398 | D:4      | Reached XP level 5. HP: 44/49 MP: 5/5
   417 | D:4      | Found an ornate altar of the Wu Jian Council.
   819 | D:4      | Reached XP level 6. HP: 35/57 MP: 6/6
   869 | D:4      | Found a shadowy altar of Dithmenos.
   893 | D:4      | Found Ziecouc's Book Boutique.
   905 | D:4      | Found a glowing drain.
   920 | Sewer    | Entered a sewer
  1010 | Sewer    | Reached skill level 5 in Axes
  1300 | D:5      | Entered Level 5 of the Dungeon
  1343 | D:5      | Found a glowing golden altar of the Shining One.
  1454 | D:5      | Found a hide-covered altar of Uskayaw.
  1454 | D:5      | Noticed a +0 dagger
  1455 | D:5      | Noticed a +0 dagger
  1491 | D:5      | Reached XP level 7. HP: 52/64 MP: 6/6
  1556 | D:5      | Reached skill level 5 in Armour
  1574 | D:5      | Reached skill level 5 in Shields
  1600 | D:5      | Reached skill level 6 in Axes
  1799 | D:5      | Found a staircase to the Ecumenical Temple.
  1835 | Temple   | Entered the Ecumenical Temple
  1905 | Temple   | Became a worshipper of Makhleb the Destroyer
  1948 | D:5      | Reached XP level 8. HP: 33/73 MP: 5/5
  1951 | D:5      | Reached skill level 1 in Invocations
  2110 | D:5      | Reached skill level 7 in Axes
  2123 | D:5      | Found a sparkling altar of Nemelex Xobeh.
  2371 | D:6      | Reached skill level 5 in Fighting
  2392 | D:6      | Found a shattered altar of Ashenzari.
  2434 | D:6      | Reached * piety under Makhleb
  2617 | D:6      | Reached skill level 8 in Axes
  2666 | D:6      | Found a snail-covered altar of Cheibriados.
  2791 | D:6      | Reached ** piety under Makhleb
  2823 | D:6      | Found a basalt altar of Yredelemnul.
  2885 | D:7      | Gained mutation: You passively map the area around you.
                  | [Deep Dwarf growth]
  2885 | D:7      | Reached XP level 9. HP: 65/81 MP: 5/5
  3102 | D:7      | Noticed a two-headed ogre
  3128 | D:7      | Killed a two-headed ogre
  3128 | D:7      | Reached skill level 9 in Axes
  3148 | D:7      | Reached skill level 5 in Invocations
  3376 | D:7      | Found a bloodstained altar of Trog.
  3447 | D:7      | Reached *** piety under Makhleb
  3502 | D:7      | Found Acsuin's Assorted Antiques.
  3523 | D:7      | Bought a glowing helmet for 172 gold pieces
  3528 | D:7      | Bought a scroll labeled MIZONW DAARARU for 23 gold pieces
  3758 | D:8      | Reached XP level 10. HP: 91/91 MP: 6/6
  3930 | D:8      | Reached skill level 10 in Axes
  4766 | D:8      | Found a sparkling altar of Nemelex Xobeh.
  5033 | D:9      | Found an iron altar of Okawaru.
  5043 | D:9      | Reached **** piety under Makhleb
  5185 | D:9      | Noticed Maurice
  5225 | D:9      | HP: 3/92 [shot self (16)]
  5225 | D:9      | Slain by Maurice

Levels and vault maps discovered:
D:1:      scummos_arrival_checkerplants, layout_rooms
D:2:      minmay_recursive_quarters, layout_rooms, fedhas_altar_2,
          nicolae_ashenzari_panopticon, minmay_pentomino_s4
D:3:      layout_basic, first_ration, uniq_crazy_yiuf_cottage
D:4:      layout_basic, nicolae_dithmenos_through_a_glass_darkly,
          lemuel_doored_altar, portal_sewer_entry_a, serial_shops,
          kennysheep_mini, minmay_snake_closets
D:5:      layout_loops_ring, dancing_weapons_uskayaw, tso_oasis_becter,
          minmay_temple_entry_proselytizer, nemelex_dance_club_becter
D:6:      lemuel_ratsnest, layout_rooms, kennysheep_slug_shrine,
          kennysheep_mini_moat, basic_altar, minmay_mini_ossuary
D:7:      minmay_cornered_nines, layout_gridville, serial_shops,
          nicolae_shop_overgrown_old_shop, trog_butcher_becter
D:8:      layout_layer_cave, lemuel_round_altar
D:9:      minmay_sliced_demisemicircle, layout_loops_corners,
          okawaru_ov_weapons_minmay, uniq_maurice, uniq_grum
Temple:   hc_temple_tempest_star

Skill      XL: |  1  2  3  4  5  6  7  8  9 10 |
---------------+-------------------------------+-----
Fighting       | 3 4 5 6 |  6.6
Axes           | 3 4 5 6 8 9 10 | 10.5
Armour         | 4 5 6 7 8 |  8.0
Shields        | 4 5 6 7 8 |  8.0
Invocations    | 3 5 6 |  6.6

Action                   |  1- 3 |  4- 6 |  7- 9 | 10-12 || total
-------------------------+-------+-------+-------+-------++-------
Melee: War axe           |    86 |   287 |   528 |   140 ||  1041
 Abil: Heal Wounds       |     1 |     6 |    19 |     5 ||    31
Evoke: Wand              |       |       |       |     5 ||     5
  Use: Potion            |       |       |     1 |       ||     1
       Scroll            |       |       |    20 |       ||    20
 Stab: Paralysed         |       |       |       |     3 ||     3
  Eat: Chunk             |       |     1 |     7 |     5 ||    13
       Ration            |       |     1 |     3 |       ||     4
Armor: Scale mail        |    29 |   141 |   184 |       ||   354
       Chain mail        |       |       |    64 |    28 ||    92
       Plate armour      |       |       |       |    50 ||    50
Dodge: Dodged            |    33 |   100 |   125 |    30 ||   288
Block: Kite shield       |    40 |   199 |   261 |    91 ||   591

Table legend:
 A = Non-vault XP
 B = Vault XP
 C = Vault XP percentage of total XP
 D = Non-vault monster count
 E = Vault monster count
 F = Vault count percentage of total count
                 A         B        C        D         E       F
            +---------+---------+-------+---------+---------+-------
      Total |    7199 |     920 |  11.3 |     154 |      64 |  29.4
            +---------+---------+-------+---------+---------+-------
        D:1 |       4 |       0 |   0.0 |       3 |       0 |   0.0
        D:2 |     111 |      38 |  25.5 |      16 |       7 |  30.4
        D:4 |     165 |     109 |  39.8 |       8 |      16 |  66.7
        D:5 |    1155 |     166 |  12.6 |      30 |       3 |   9.1
        D:6 |     717 |     131 |  15.4 |      14 |      25 |  64.1
        D:7 |    2409 |     359 |  13.0 |      47 |       7 |  13.0
        D:8 |    1980 |       0 |   0.0 |      30 |       0 |   0.0
        D:9 |     658 |       0 |   0.0 |       6 |       0 |   0.0
      Sewer |       0 |     117 | 100.0 |       0 |       6 | 100.0
            +---------+---------+-------+---------+---------+-------
